 Dungeon Crawl Stone Soup version 0.30.0-2-g1aa4bd4387 (webtiles) character file.

Game seed: 8806479630664558818

1110 EarthwalkerPL the Covered (level 8, -3/73 HPs)
             Began as a Minotaur Fighter on May 7, 2023.
             Killed by nerve-wracking pain
             ... invoked by an orc priest
              (8 damage)
             ... on level 5 of the Dungeon.
             The game lasted 00:05:24 (3957 turns).

EarthwalkerPL the Covered (Minotaur Fighter)        Turns: 3957, Time: 00:05:24

Health: -3/73      AC: 14    Str: 22    XL:     8   Next: 11%
Magic:  7/7        EV:  8    Int:  5    God:
Gold:   220        SH: 10    Dex: 11    Spells: 7/7 levels left

rFire   . . .        a - +0 war axe
rCold   . . .        c - +0 buckler
rNeg    . . .        l - +3 chain mail
rPois   .            (helmet restricted)
rElec   .            m - +0 cloak
rCorr   .            (no gloves)
SInv    .            (no boots)
Will    .....        t - amulet of reflection Stlth
                     (no ring)
HPRegen 0.32/turn    (no ring)
MPRegen 0.10/turn

%: reflection
@: no status effects
A: horns 2, retaliatory headbutt
a: no special abilities


You were on level 5 of the Dungeon.
You visited 1 branch of the dungeon, and saw 5 of its levels.

You collected 220 gold pieces.

Inventory:

Hand Weapons
 a - a +0 war axe (weapon)
Armour
 c - a +0 buckler (worn)
 l - a +3 chain mail (worn)
 m - a +0 cloak (worn)
 p - a +0 tower shield
Jewellery
 t - an amulet of reflection (around neck)
Wands
 o - a wand of acid (8)
Scrolls
 b - a scroll of enchant armour {unknown}
 e - a scroll of fear {unknown}
 g - 2 scrolls of vulnerability {unknown}
 h - a scroll of silence {unknown}
 i - 2 scrolls of amnesia {unknown}
 n - a scroll of poison {unknown}
 q - a scroll of teleportation {unknown}
 r - 3 scrolls of identify {unknown}
Potions
 d - a potion of might
 f - 3 potions of curing {unknown}
 j - a potion of heal wounds {unknown}
 k - a potion of resistance {unknown}
 s - a potion of flight {unknown}
 u - a potion of attraction {unknown}


   Skills:
 * Level 7.0 Fighting
 * Level 6.5 Axes
 * Level 7.1 Armour
 + Level 5.7 Shields


You had 7 spell levels left.
You didn't know any spells.
Your spell library contained the following spells:

 Spells                   Type           Power      Damage    Failure   Level
 Shock                    Conj/Air       0%         1d3       98%         1
 Blink                    Tloc           0%         N/A       99%         2
 Ensorcelled Hibernation  Hex/Ice        0%         N/A       99%         2
 Passwall                 Tmut/Erth      0%         N/A       99%         2
 Poisonous Vapours        Pois/Air       0%         N/A       99%         2
 Mephitic Cloud           Conj/Pois/Air  0%         N/A       100%        3
 Swiftness                Air            0%         N/A       100%        3
 Vhi's Electric Charge    Tloc/Air       0%         N/A       100%        3
 Airstrike                Air            0%         2d(0-16)  100%        4
 Manifold Assault         Tloc           0%         N/A       100%        4
 Arcjolt                  Conj/Air       0%         1d10      100%        5
 Freezing Cloud           Conj/Ice/Air   0%         6-21      100%        5
 Storm Form               Tmut/Air       0%         N/A       100%        7
 Maxwell's Capacitive Co  Air            0%         ∞         100%        8


Dungeon Overview and Level Annotations

Branches:
Dungeon (5/15)
 Temple: D:4-7

Altars:
Makhleb

Shops:
D:4 [   D:5 *


Innate Abilities, Weirdness & Mutations

You have a pair of horns on your head.
You reflexively headbutt those who attack you in melee.


Message History

The orc hits you but does no damage.
Things that are here:
a +2 heavy hand axe; a +0 ring mail You barely miss the orc priest.
You hit the orc. The orc hits you but does no damage.
You block the orc priest's attack.
There are monsters nearby!
You hit the orc.
You kill the orc!
You barely miss the orc priest.
The orc priest mumbles some strange prayers to Beogh against you.
You struggle to resist.
You hit the orc priest but do no damage.
The orc priest calls down the wrath of Beogh upon you.
Beogh smites you! The orc priest hits you with a +0 club.
You slash the orc priest!
The orc priest is heavily wounded.
The orc priest barely misses you.
You barely miss the orc priest. You headbutt the orc priest.
The orc priest is severely wounded.
The orc priest invokes the aid of Beogh against you.
Beogh smites you!
You hit the orc priest.
The orc priest is severely wounded.
The orc priest calls down the wrath of Beogh upon you.
Beogh smites you!
You are too injured to fight recklessly!
You are too injured to fight recklessly!
You hit the orc priest.
The orc priest is almost dead.
The orc priest mumbles some strange prayers to Beogh against you.
Pain shoots through your body!
* * * LOW HITPOINT WARNING * * *
The orc priest calls down the wrath of Beogh upon you.
Pain shoots through your body!
* * * LOW HITPOINT WARNING * * *
You hit the orc priest but do no damage.
The orc priest is almost dead.
The orc priest calls down the wrath of Beogh upon you.
Pain shoots through your body!
You die...

..........##
#.....### #.......
...........# #...###
.........
...........###..##
.........
............##..#
..........
.............##.#
..........
............###.#
..........
............# #)#
#.........
#...........# #.###
#........
#..........## #)@.#
###....<..
##.........# #.o).#
##.........
##.......##
#.......##>........#
#...##..#
#.......#........)##
##...#####
#.........###.....#
#....# ..........#
#....## ##....##
#..........# #....#
#......##
##......#### #...##
#......... #...#


You could see an orc priest.

Vanquished Creatures
  Sigmund (D:4)
  Menkaure (D:4)
  A black bear (D:5)
  2 ogres
  A phantom (D:5)
  2 scorpions (D:4)
  A hound (D:5)
  Crazy Yiuf (D:2)
  2 iguanas (D:4)
  A sleepcap (D:4)
  Terence (D:2)
  Robin (D:2)
  6 adders
  4 gnolls (D:4)
  A dart slug (D:4)
  5 worms
  8 orcs
  7 ball pythons
  5 endoplasms
  2 giant cockroaches (D:2)
  8 hobgoblins
  10 kobolds
  3 quokkas
  6 bats
  3 frilled lizards
  16 goblins
  3 rats
102 creatures vanquished.

Notes
Turn   | Place    | Note
-------+----------+-------------------------------------------
     0 | D:1      | EarthwalkerPL the Minotaur Fighter began the quest for the
                  | Orb.
     0 | D:1      | Reached XP level 1. HP: 19/19 MP: 0/0
   210 | D:1      | Reached XP level 2. HP: 27/27 MP: 1/1
   267 | D:1      | You fall into a shaft and drop 1 floor!
   961 | D:2      | Reached XP level 3. HP: 33/33 MP: 2/2
  1309 | D:2      | Found a runed translucent door.
  1310 | D:2      | Noticed Crazy Yiuf
  1378 | D:2      | Reached XP level 4. HP: 41/41 MP: 3/3
  1585 | D:2      | Noticed Robin
  1590 | D:2      | Noticed Terence
  1601 | D:2      | Killed Robin
  1608 | D:2      | Killed Terence
  1915 | D:2      | Killed Crazy Yiuf
  1916 | D:2      | Reached XP level 5. HP: 35/47 MP: 4/4
  2273 | D:3      | Reached skill level 5 in Armour
  2670 | D:4      | Noticed an animated shadow dragon scales
  2694 | D:4      | Reached skill level 5 in Fighting
  2725 | D:4      | Noticed Menkaure
  2739 | D:4      | Reached XP level 6. HP: 19/56 MP: 5/5
  2740 | D:4      | Killed Menkaure
  2939 | D:4      | Reached skill level 5 in Axes
  3026 | D:4      | Noticed Sigmund
  3038 | D:4      | Reached XP level 7. HP: 52/62 MP: 6/6
  3075 | D:4      | Killed Sigmund
  3076 | D:4      | Reached skill level 5 in Shields
  3340 | D:4      | Found Onkinyon's Armour Shop.
  3340 | D:4      | Noticed an animated storm dragon scales
  3485 | D:4      | Found a burning altar of Makhleb.
  3539 | D:5      | Entered Level 5 of the Dungeon
  3707 | D:5      | Identified the +6 sling "Killer Klown's Death" {elec,
                  | +Blink Str+5}
  3715 | D:5      | Reached XP level 8. HP: 64/71 MP: 7/7
  3800 | D:5      | Found Dyskim's General Store.
  3957 | D:5      | Killed from afar by an orc priest

Illustrated notes

Levels and vault maps discovered:
D:1:      nzn_arrival_water_spiral, layout_loops_corners, nicolae_wormholes
D:2:      wad_river_or_something, layout_basic, uniq_terence, uniq_robin,
          uniq_crazy_yiuf_cottage
D:3:      layout_loops_ring
D:4:      layout_basic, mainiacjoe_overflow_alcove_1, serial_shops,
          nicolae_shop_mannequins, uniq_sigmund, uniq_menkaure
D:5:      layout_cave_pods, serial_shops, shop

Skill      XL: |  1  2  3  4  5  6  7  8 |
---------------+-------------------------+-----
Fighting       | 4 5 6 7 |  7.0
Armour         | 4 5 6 7 |  7.1
Axes           | 3 4 5 6 |  6.5
Shields        | 4 5 |  5.7

Action                     |  1- 3 |  4- 6 |  7- 9 || total
---------------------------+-------+-------+-------++-------
  Melee: War axe           |    73 |   114 |    52 ||   239
         Headbutt          |     8 |    22 |    11 ||    41
 Armour: Scale mail        |    39 |    17 |       ||    56
         Chain mail        |       |    46 |    19 ||    65
  Dodge: Dodged            |    33 |    46 |    14 ||    93
  Block: Buckler           |    20 |    35 |    21 ||    76
         Reflection        |       |     1 |       ||     1
